 Dungeon Crawl Stone Soup version 0.30.0-17-ge0270778cf (webtiles) character file.

Game seed: 17053550152033435387

77 sampeng1 the Chiller (level 4, -1/32 HPs)
             Began as a Human Ice Elementalist on May 21, 2023.
             Slain by a phantom (5 damage)
             ... on level 4 of the Dungeon.
             The game lasted 00:10:02 (2749 turns).

sampeng1 the Chiller (Human Ice Elementalist)       Turns: 2749, Time: 00:10:03

Health: -1/32      AC:  2    Str:  8    XL:     4   Next: 60%
Magic:  2/7        EV: 12    Int: 18    God:
Gold:   114        SH:  0    Dex: 13    Spells: 4/8 levels left

rFire   . . .        d - +0 short sword
rCold   . . .        (no shield)
rNeg    . . .        a - +0 robe
rPois   .            (no helmet)
rElec   .            (no cloak)
rCorr   .            (no gloves)
SInv    .            (no boots)
Will    .....        (no amulet)
Stlth   ++           (no ring)
HPRegen 0.25/turn    (no ring)
MPRegen 0.10/turn

%: no passive effects
@: no status effects
A: no striking features
a: no special abilities


You were on level 4 of the Dungeon.
You visited 1 branch of the dungeon, and saw 4 of its levels.

You collected 114 gold pieces.

Inventory:

Hand Weapons
 d - a +0 short sword (weapon)
 n - a +0 sling
Missiles
 c - 3 datura-tipped darts
 e - 36 stones
 k - 5 poisoned darts (quivered)
Armour
 a - a +0 robe (worn)
Scrolls
 p - a scroll of teleportation
Potions
 b - 3 potions of magic
 f - a potion of mutation
 g - 2 potions of curing {unknown}
 h - a potion of might {unknown}
 i - 2 potions of resistance
 j - a potion of flight {unknown}
 l - a potion of ambrosia {unknown}
 m - a potion of brilliance {unknown}
 o - a potion of heal wounds {unknown}


   Skills:
 + Level 1.1 Fighting
 + Level 1.0 Short Blades
 + Level 2.5 Dodging
 + Level 2.7 Stealth
 + Level 2.5 Spellcasting
 + Level 4.3 Ice Magic


You had 4 spell levels left.
You knew the following spells:

 Your Spells              Type           Power      Damage    Failure   Level
a - Freeze                Ice            68%        1d8       3%          1
b - Frozen Ramparts       Ice            34%        1d6       9%          3

Your spell library contained the following spells:

 Spells                   Type           Power      Damage    Failure   Level
 Ozocubu's Armour         Ice            17%        N/A       9%          3
 Summon Ice Beast         Ice/Summ       10%        N/A       56%         4


Dungeon Overview and Level Annotations

Branches:
Dungeon (4/15)
 Temple: D:4-7

Altars:
Yredelemnul


Message History

The phantom closely misses you.
Casting: Freeze (safe; 3% risk of failure)
Confirm with . or Enter, or press ? or * to list all spells.
Aiming: Freeze (safe; 3% risk of failure)
Press: ? - help, Shift-Dir - straight line, f/p - phantom
Aim: a phantom (lightly damaged)
You freeze the phantom.
The phantom resists.
The phantom is lightly damaged.
The phantom barely misses you.
Casting: Freeze (safe; 3% risk of failure)
Confirm with . or Enter, or press ? or * to list all spells.
Aiming: Freeze (safe; 3% risk of failure)
Press: ? - help, Shift-Dir - straight line, f/p - phantom
Aim: a phantom (lightly damaged)
You freeze the phantom but do no damage.
The phantom completely resists.
The phantom barely misses you.
Casting: Freeze (safe; 3% risk of failure)
Confirm with . or Enter, or press ? or * to list all spells.
Aiming: Freeze (safe; 3% risk of failure)
Press: ? - help, Shift-Dir - straight line, f/p - phantom
Aim: a phantom (lightly damaged)
You freeze the phantom but do no damage.
The phantom completely resists.
The phantom hits you.
You closely miss the phantom.
The phantom is lightly damaged.
The phantom hits you.
* * * LOW HITPOINT WARNING * * *
You barely miss the phantom.
The phantom is lightly damaged.
The phantom misses you.
You completely miss the phantom. Your punch misses the phantom.
The phantom is lightly damaged.
The phantom hits you.
* * * LOW HITPOINT WARNING * * *
You hit the phantom.
The phantom is moderately damaged.
The phantom hits you.
* * * LOW HITPOINT WARNING * * *
The phantom attacks as you move away! The phantom hits you.
You die...

##...# #...# ##
..#..##...# ##.
##.[..#...##..
##........# ..#
.#.........##..#
............#..#
...............#
............<..#
.........W@.?..#
=..............#
...............#
..............!#
................#
.............#.#
.....<......####
............#
#############


You could see a phantom.

Vanquished Creatures
  3 adders
  A dart slug (D:1)
  4 ball pythons
  A bat (D:3)
  7 endoplasms
  2 giant cockroaches
  3 goblins
  5 hobgoblins
  5 kobolds
  4 quokkas
  4 frilled lizards
  2 rats
  A spectral orc (D:3)
42 creatures vanquished.

Notes
Turn   | Place    | Note
-------+----------+-------------------------------------------
     0 | D:1      | sampeng1 the Human Ice Elementalist began the quest for the
                  | Orb.
     0 | D:1      | Reached XP level 1. HP: 13/13 MP: 3/3
   228 | D:1      | Reached XP level 2. HP: 10/19 MP: 3/5
   751 | D:2      | Reached XP level 3. HP: 9/25 MP: 4/6
   956 | D:2      | Learned a level 3 spell: Frozen Ramparts
  1203 | D:2      | Reached XP level 4. HP: 21/31 MP: 5/7
  1638 | D:2      | Reached skill level 1 in Fighting
  2218 | D:3      | Found a basalt altar of Yredelemnul.
  2333 | D:3      | Found a faded altar of an unknown god.
  2354 | D:3      | Reached skill level 1 in Short Blades
  2722 | D:4      | Noticed a phantom
  2749 | D:4      | Slain by a phantom

Illustrated notes

Levels and vault maps discovered:
D:1:      dpeg_arrival_boxes_within_box, layout_rooms
D:2:      layout_basic
D:3:      layout_basic, yredelemnul_forgotten_temple_becter,
          chequers_ecumenical_altar_island
D:4:      layout_layer_cave

Skill      XL: |  1  2  3  4 |
---------------+-------------+-----
Fighting       | 1 |  1.1
Short Blades   | 1 |  1.0
Dodging        | |  2.5
Stealth        | |  2.7
Spellcasting   | |  2.5
Ice Magic      | |  4.3

Action                     |  1- 3 |  4- 6 || total
---------------------------+-------+-------++-------
  Melee: Unarmed           |    10 |       ||    10
         Short sword       |    73 |    64 ||   137
         Punch             |     1 |       ||     1
   Cast: Freeze            |    14 |    17 ||    31
         Frozen Ramparts   |       |     1 ||     1
    Use: Scroll            |       |     7 ||     7
   Stab: Sleeping          |     4 |     1 ||     5
         Distracted        |       |     1 ||     1
 Armour: Robe              |     9 |    13 ||    22
  Dodge: Dodged            |    69 |    42 ||   111
